 Dungeon Crawl Stone Soup version 0.22-a0-165-g89cf10f13c (webtiles) character file.

780 Fuhrer the Grave Robber (level 7, -1/55 HPs)
             Began as a Deep Dwarf Necromancer on Feb 12, 2018.
             Slain by a hornet zombie (6 damage)
             ... on level 5 of the Dungeon on Feb 13, 2018.
             The game lasted 00:36:37 (7199 turns).

Fuhrer the Grave Robber (Deep Dwarf Necromancer)    Turns: 7199, Time: 00:36:37

Health: -1/55      AC:  4    Str: 14    XL:     7   Next: 55%
Magic:  11/11      EV: 15    Int: 15    God:
Gold:   287        SH:  0    Dex: 15    Spells: 8/12 levels left

rFire    . . .     SeeInvis +   B - +7 quarterstaff "Goblinslayer" {drain, rPois Dex+2 SInv}
rCold    . . .     Gourm    .   (shield currently unavailable)
rNeg     . . .     Faith    .   a - +0 robe
rPois    +         Spirit   .   r - +0 helmet
rElec    .         Reflect  .   (no cloak)
rCorr    .         Harm     .   (no gloves)
MR       +....                  u - +0 pair of boots
Stlth    +++.......             (no amulet)
HPRegen  0.00/turn              (no ring)
MPRegen  0.12/turn              p - ring of stealth

@: non-regenerating, drained
A: damage resistance, heal wounds, sense surroundings 1, no regeneration
a: Heal Wounds


You were on level 5 of the Dungeon.
You were very hungry.

You visited 1 branch of the dungeon, and saw 5 of its levels.

You collected 287 gold pieces.

Inventory:

Hand Weapons
 d - a +2 rapier of draining
 j - a +0 hand axe
 B - the +7 quarterstaff "Goblinslayer" (weapon) {drain, rPois Dex+2 SInv}
   (You found it on level 5 of the Dungeon)

   A truly terrible weapon, it drains the life of those it strikes.
   It affects your dexterity (+2).
   It protects you from poison.
   It lets you see invisible.
Missiles
 z - 23 poisoned needles
Armour
 a - a +0 robe (worn)
 r - a +0 helmet (worn)
 u - a +0 pair of boots (worn)
Jewellery
 p - a ring of stealth (right hand)
 s - an uncursed ring of fire
Wands
 h - a wand of random effects (45)
Scrolls
 e - a scroll of teleportation
 f - a scroll of enchant weapon {unknown}
 i - a scroll of magic mapping {unknown}
 l - a scroll of random uselessness {unknown}
 n - 3 scrolls of identify
 o - 6 scrolls of remove curse
 y - a scroll of noise {unknown}
Potions
 g - 2 potions of might {unknown}
 k - 2 potions of magic {unknown}
 m - a potion of invisibility {unknown}
 q - a potion of resistance {unknown}
 t - a potion of curing
 v - a potion of flight {unknown}
 w - a potion of cancellation {unknown}
 x - a potion of mutation {unknown}
 A - a potion of haste {unknown}
Books
 b - a book of Necromancy

   Spells                             Type                      Level
   a - Pain                           Necromancy                   1
   b - Animate Skeleton               Necromancy                   1
   c - Vampiric Draining              Necromancy                   3
   d - Regeneration                   Charms/Necromancy            3
   e - Animate Dead                   Necromancy                   4
Comestibles
 c - 6 rations


   Skills:
 * Level 4.2(3.9) Axes
 + Level 3.4(3.0) Armour
 + Level 4.9(4.6) Dodging
 - Level 2.4(2.1) Stealth
 - Level 3.0(2.6) Spellcasting
 + Level 6.3(5.9) Necromancy


You had 8 spell levels left.
You knew the following spells:

 Your Spells              Type           Power        Failure   Level  Hunger
a - Pain                  Necr           ###.         1%          1    #......
b - Vampiric Draining     Necr           ###.......   5%          3    ###....


Dungeon Overview and Level Annotations

Branches:
Dungeon (5/15)
 Temple: D:4-7

Altars:
Elyvilon
Xom

Annotations:
D:4 Grinder
D:5 Execuda's ghost, novice DsBe


Innate Abilities, Weirdness & Mutations

You are resistant to damage.
You can heal yourself by infusing magical energy.
You passively map a small area around you.
You do not regenerate.


Message History

* * * LOW HITPOINT WARNING * * *
You sock the hornet zombie!
The hornet zombie is moderately damaged.
The hornet zombie hits you!
* * * LOW HITPOINT WARNING * * *
You hit the hornet zombie.
The hornet zombie is heavily damaged.
The hornet zombie hits you. The hornet zombie misses you.
You thump the hornet zombie!
The hornet zombie is severely damaged.
The hornet zombie closely misses you. The hornet zombie misses you.
You barely miss the hornet zombie.
The hornet zombie is severely damaged.
The hornet zombie barely misses you.
You sock the hornet zombie!
The hornet zombie is almost destroyed.
The hornet zombie hits you!
* * * LOW HITPOINT WARNING * * *
The hornet zombie hits you!
You die...

..* ...# *#..# ####.# #.#
..# ,..# , ... * #.# #<#
..#* .# ,,, #.#* * #.#
### # ..*#.# , #.# #.#.
..# # #.# #.#.##.##.#
#.#### #.........# #....#
**#..#Z# ####.# * , ,
#.#@##########.# *
#PP≈≈PPPPP.....## ,
#P≈≈♣P≈PPP≈≈##..## **
########≈.≈≈≈≈≈≈≈≈PPPP..#
#........P≈PP.≈♣♣♣≈PPP..#
#...(.......#PPP≈≈≈♣≈P.P#
#............#≈PP♣♣≈≈≈PP#
#............#..PP♣♣≈≈≈≈#
#.........#...#.P♣≈♣≈≈P.#


You could see a hornet zombie.

Vanquished Creatures
  Eustachio (D:4)
  Purgy (D:4)
  A centaur (D:5)
  A scorpion (D:4)
  3 orc wizards (D:4)
  2 hounds (D:4)
  An orc priest (D:4)
  Jessica (D:3)
  An iguana (D:4)
  A worker ant (D:4)
  4 adders
  An ooze (D:1)
  An adder skeleton (D:5)
  7 worms
  2 dart slugs
  3 leopard geckos
  9 orcs
  A giant cockroach (D:4)
  11 goblins
  8 hobgoblins
  12 jackals
  2 quokkas
  7 bats
  9 frilled lizards
  10 kobolds
  7 rats
  7 plants (D:5)
114 creatures vanquished.

Notes
Turn   | Place    | Note
-------+----------+-------------------------------------------
     0 | D:1      | Fuhrer the Deep Dwarf Necromancer began the quest for the Orb.
     0 | D:1      | Reached XP level 1. HP: 15/15 MP: 3/3
   139 | D:1      | Reached XP level 2. HP: 22/22 MP: 0/5
   706 | D:1      | Reached XP level 3. HP: 25/28 MP: 0/6
  1145 | D:1      | Learned a level 3 spell: Vampiric Draining
  1980 | D:2      | Reached skill level 5 in Necromancy
  2174 | D:3      | Reached XP level 4. HP: 31/36 MP: 3/7
  2891 | D:3      | Reached skill level 1 in Armour
  3025 | D:3      | Noticed Jessica
  3040 | D:3      | Killed Jessica
  3040 | D:3      | Reached XP level 5. HP: 35/42 MP: 2/9
  3936 | D:4      | Noticed Grinder
  4161 | D:4      | Reached skill level 1 in Axes
  4252 | D:4      | Noticed Eustachio
  4613 | D:4      | Reached XP level 6. HP: 18/49 MP: 4/10
  4844 | D:4      | Killed Eustachio
  5284 | D:4      | Found a shimmering altar of Xom.
  5291 | D:4      | Found a white marble altar of Elyvilon.
  5475 | D:4      | Reached skill level 6 in Necromancy
  5475 | D:4      | Reached XP level 7. HP: 48/55 MP: 2/11
  5929 | D:4      | Noticed Purgy
  5970 | D:4      | Killed Purgy
  6429 | D:5      | Entered Level 5 of the Dungeon
  6633 | D:5      | Noticed Execuda's ghost (novice DsBe)
  7142 | D:5      | Got a brightly glowing quarterstaff
  7144 | D:5      | Identified the +7 quarterstaff "Goblinslayer" {drain, rPois Dex+2 SInv} (You found it on level 5 of the Dungeon)
  7199 | D:5      | Slain by a hornet zombie

Vault maps used:
D:1:      sevenhm_arrival_forest_fort_small_3
D:3:      minmay_bisected, uniq_jessica
D:4:      minitemple, uniq_purgy, uniq_grinder, uniq_eustachio
D:5:      chequers_temple_overflow_minitemple, minmay_temple_entry_purple_smoke,
          first_ration, serial_bayou_lagoon_a, uniq_pikel

Skill      XL: |  1  2  3  4  5  6  7 |
---------------+----------------------+-----
Spellcasting   | 2 3 |  3.0
Dodging        | 3 4 |  4.9
Necromancy     | 5 6 |  6.3
Armour         | 1 2 3 |  3.4
Axes           | 1 3 4 |  4.2
Stealth        | |  2.4

Action                   |  1- 3 |  4- 6 |  7- 9 || total
-------------------------+-------+-------+-------++-------
Melee: Whip              |     2 |       |       ||     2
       Short sword       |    45 |    74 |       ||   119
       Hand axe          |       |    17 |   281 ||   298
       Quarterstaff      |       |       |    20 ||    20
 Cast: Pain              |    72 |    61 |    21 ||   154
       Vampiric Draining |    12 |    44 |    16 ||    72
 Abil: Heal Wounds       |       |     1 |     1 ||     2
Evoke: Wand              |       |     1 |    10 ||    11
  Use: Scroll            |       |     2 |       ||     2
 Stab: Sleeping          |     2 |       |       ||     2
  Eat: Chunk             |     3 |    12 |     5 ||    20
       Ration            |     1 |     1 |     1 ||     3
Armor: Robe              |    18 |    63 |    18 ||    99
       Plate armour      |     4 |       |       ||     4
Dodge: Dodged            |    62 |   231 |    44 ||   337

Table legend:
 A = Spawn XP
 B = Non-spawn XP
 C = Spawn XP percentage of total XP
 D = Spawn monster count
 E = Non-spawn monster count
 F = Spawn count percentage of total count
 G = Total turns spent on level
                    A         B        C        D         E        F      G
               +---------+---------+-------+---------+---------+-------+---------
         Total |       0 |    1115 |   0.0 |       0 |     107 |   0.0 |  7199
               +---------+---------+-------+---------+---------+-------+---------
           D:1 |       0 |      54 |   0.0 |       0 |      27 |   0.0 |  1401
           D:2 |       0 |      33 |   0.0 |       0 |      15 |   0.0 |   720
           D:3 |       0 |     124 |   0.0 |       0 |      30 |   0.0 |  2184
           D:4 |       0 |     780 |   0.0 |       0 |      31 |   0.0 |  2190
           D:5 |       0 |     124 |   0.0 |       0 |       4 |   0.0 |   704
               +---------+---------+-------+---------+---------+-------+---------
